 Dungeon Crawl Stone Soup version 0.21.1-1-g345015fe64 (webtiles) character file.

567 Razbojnik the Magician (level 7, -3/36 HPs)
             Began as a Deep Elf Conjurer on July 28, 2018.
             Was an Initiate of Vehumet.
             Slain by a bog mummy (14 damage)
             ... in an ossuary.
             The game lasted 00:17:51 (4035 turns).

Razbojnik the Magician (Deep Elf Conjurer)          Turns: 4035, Time: 00:17:51

Health: -3/36      AC:  3    Str:  5    XL:     7   Next: 11%
Magic:  3/20       EV: 13    Int: 22    God:    Vehumet [......]
Gold:   233        SH:  0    Dex: 15    Spells: 11/21 levels left

rFire    . . .     SeeInvis .   q - +0 hunting sling
rCold    . . .     Gourm    .   (no shield)
rNeg     . . .     Faith    .   a - +0 robe
rPois    +         Spirit   .   g - +0 helmet
rElec    .         Reflect  .   (no cloak)
rCorr    .         Harm     .   (no gloves)
MR       +....                  (no boots)
Stlth    ++........             (no amulet)
HPRegen  0.12/turn              B - ring of poison resistance
MPRegen  0.17/turn              D - ring of protection from magic

@: no status effects
A: no striking features
a: Renounce Religion


You were in an ossuary.
You worshipped Vehumet.
Vehumet was noncommittal.
You were not hungry.

You visited 2 branches of the dungeon, and saw 6 of its levels.
You also visited: Ossuary.

You collected 233 gold pieces.

Inventory:

Hand Weapons
 p - a +0 dagger
 q - a +0 hunting sling (weapon)
Missiles
 o - 4 curare-tipped needles
 r - 35 sling bullets (quivered)
 y - 5 javelins
 E - 23 poisoned needles
Armour
 a - a +0 robe (worn)
 g - a +0 helmet (worn)
 L - the +3 leather armour of Qoal {Regen+, unknown}
   (You found it on level 5 of the Dungeon)

   It increases your rate of regeneration.
Magical Staves
 I - an uncursed staff of death
Jewellery
 k - a cursed amulet of guardian spirit {unknown}
 B - a ring of poison resistance (left hand)
 D - a ring of protection from magic (right hand)
 G - an uncursed ring of wizardry {unknown}
Wands
 u - a wand of random effects (20)
Scrolls
 f - 3 scrolls of fear {unknown}
 h - 4 scrolls of identify {unknown}
 i - 3 scrolls of remove curse {unknown}
 j - a scroll of amnesia {unknown}
 m - a scroll of magic mapping {unknown}
 n - 5 scrolls of teleportation {unknown}
 w - a scroll of blinking {unknown}
 x - a scroll of noise {unknown}
 z - a scroll of enchant weapon {unknown}
 C - a scroll of immolation {unknown}
 F - 2 scrolls of fog {unknown}
Potions
 d - a potion of flight {unknown}
 e - 2 potions of degeneration {unknown}
 l - 2 potions of heal wounds {unknown}
 s - a potion of lignification {unknown}
 v - a potion of invisibility {unknown}
 A - 3 potions of curing {unknown}
 H - a potion of might {unknown}
 J - a potion of mutation {unknown}
Books
 b - a book of Conjurations

   Spells                             Type                      Level
   a - Magic Dart                     Conjuration                  1
   b - Searing Ray                    Conjuration                  2
   c - Dazzling Spray                 Conjuration/Hexes            3
   d - Fulminant Prism                Conjuration/Hexes            4
   e - Force Lance                    Conjuration/Translocation    4
   f - Iskenderun's Mystic Blast      Conjuration                  4
 t - a book of Cantrips

   Spells                             Type                      Level
   a - Confusing Touch                Hexes                        1
   b - Animate Skeleton               Necromancy                   1
   c - Summon Small Mammal            Summoning                    1
   d - Apportation                    Translocation                1
Comestibles
 c - 11 rations


   Skills:
 - Level 2.4 Dodging
 - Level 2.4 Stealth
 + Level 7.7 Spellcasting
 - Level 5.0 Conjurations
 - Level 6.0 Hexes


You had 11 spell levels left.
You knew the following spells:

 Your Spells              Type           Power        Failure   Level  Hunger
a - Magic Dart            Conj           ####         1%          1    None
b - Searing Ray           Conj           ####..       1%          2    None
c - Dazzling Spray        Conj/Hex       ####..       2%          3    None
d - Fulminant Prism       Conj/Hex       ####......   8%          4    ###....


Dungeon Overview and Level Annotations

Branches:
Dungeon (5/15)             Temple (1/1) D:5

Altars:
Ashenzari
Cheibriados
Dithmenos
Elyvilon
Gozag
Hepliaklqana
Kikubaaqudgha
Makhleb
Nemelex Xobeh
Okawaru
Qazlal
Ru
Sif Muna
Trog
Uskayaw
Vehumet
Wu Jian
Xom
Yredelemnul
Zin
The Shining One

Annotations:
D:4 Sigmund


Message History

Aim: a bog mummy (almost destroyed)
The puff of flame hits the bog mummy.
The bog mummy is burned terribly!
You destroy the bog mummy!
Vehumet accepts your kill.
Press: ? - help, v - describe, . - travel
Here: a bog mummy The floor.
Firing (i - inventory. (,) - cycle):
r - 37 sling bullets (quivered)
Press: ? - help, Shift-Dir - straight line, f - bog mummy
Aim: a bog mummy You shoot a sling bullet.
The sling bullet closely misses the bog mummy.
A killer bee zombie comes into view.
Firing (i - inventory. (,) - cycle):
r - 36 sling bullets (quivered)
Press: ? - help, Shift-Dir - straight line, f/p - bog mummy
Aim: a bog mummy You shoot a sling bullet.
The sling bullet hits the bog mummy but does no damage.
The bog mummy hits you!
You die...

## # #.
+#+#M#'#+#+###
.......(...'.#
+##+##'##.###
#.Z.# + #.M@#
#∩..# #####


You could see a bog mummy and a killer bee zombie.

Vanquished Creatures
  The ghost of Razbojnik the Conjurer, an amateur DECj (D:3)
  A howler monkey (D:4)
  A jelly (D:5)
  A hound (D:4)
  Terence (D:3)
  An iguana (D:4)
  2 worker ants (D:4)
  A killer bee zombie (Ossuary)
  7 mummies
  5 adders
  An ooze (D:2)
  2 adder skeletons (D:4)
  5 worms (D:2)
  5 leopard geckos
  3 orcs (D:5)
  5 giant cockroaches
  3 goblins
  5 hobgoblins
  13 jackals
  A quokka (D:2)
  2 ball pythons
  8 bats
  4 frilled lizards
  8 kobolds
  9 rats
95 creatures vanquished.

Vanquished Creatures (others)
  9 fulminant prisms
9 creatures vanquished.

Grand Total: 104 creatures vanquished

Notes
Turn   | Place    | Note
-------+----------+-------------------------------------------
     0 | D:1      | Razbojnik the Deep Elf Conjurer began the quest for the Orb.
     0 | D:1      | Reached XP level 1. HP: 10/10 MP: 6/6
   434 | D:1      | Reached XP level 2. HP: 15/15 MP: 5/8
   438 | D:1      | Learned a level 2 spell: Searing Ray
  1025 | D:2      | Reached skill level 4 in Spellcasting
  1116 | D:2      | Reached skill level 5 in Conjurations
  1116 | D:2      | Reached XP level 3. HP: 19/19 MP: 5/10
  1121 | D:2      | Learned a level 3 spell: Dazzling Spray
  1311 | D:2      | Reached skill level 1 in Hexes
  1650 | D:2      | Found an opulent altar of Gozag.
  1778 | D:2      | Reached XP level 4. HP: 24/24 MP: 12/12
  1784 | D:2      | Learned a level 4 spell: Fulminant Prism
  1939 | D:3      | Noticed Terence
  1948 | D:3      | Killed Terence
  2198 | D:3      | Noticed Razbojnik's ghost (amateur DECj)
  2216 | D:3      | Killed Razbojnik's ghost
  2216 | D:3      | Reached skill level 5 in Spellcasting
  2216 | D:3      | Reached XP level 5. HP: 5/28 MP: 2/14
  2446 | D:3      | Reached skill level 5 in Hexes
  2822 | D:4      | Reached XP level 6. HP: 32/32 MP: 12/16
  3135 | D:4      | Noticed Sigmund
  3214 | D:4      | Reached skill level 6 in Spellcasting
  3495 | D:5      | Entered Level 5 of the Dungeon
  3543 | D:5      | Found a staircase to the Ecumenical Temple.
  3558 | Temple   | Entered the Ecumenical Temple
  3591 | Temple   | Became a worshipper of Vehumet
  3773 | D:5      | Got a pitted leather armour
  3822 | D:5      | Found a sand-covered staircase.
  3890 | Ossuary  | Entered an ossuary
  3915 | Ossuary  | Reached skill level 7 in Spellcasting
  4026 | Ossuary  | Reached XP level 7. HP: 15/36 MP: 7/19
  4035 | Ossuary  | Slain by a bog mummy

Skill      XL: |  1  2  3  4  5  6 |
---------------+-------------------+-----
Spellcasting   | 4 5 7 |  7.7
Conjurations   | 5 |  5.0
Hexes          | 2 4 5 6 |  6.0
Dodging        | |  2.4
Stealth        | |  2.4

Action                   |  1- 3 |  4- 6 |  7- 9 || total
-------------------------+-------+-------+-------++-------
 Fire: Hunting sling     |    40 |    14 |     2 ||    56
 Cast: Magic Dart        |    54 |    53 |       ||   107
       Searing Ray       |     9 |    18 |     1 ||    28
       Fulminant Prism   |       |     9 |       ||     9
Evoke: Wand              |       |       |     1 ||     1
  Eat: Chunk             |     2 |     5 |       ||     7
       Ration            |       |     1 |       ||     1
Armor: Robe              |    11 |     7 |       ||    18
Dodge: Dodged            |    34 |    12 |     2 ||    48
